 Dungeon Crawl Stone Soup version 0.29-a0-757-g358383bc75 (webtiles) character file.

Game seed: 7950050345900281783

4108 Rohain the Magician (level 10, -1/79 HPs)
             Began as a Gnoll Warper on June 30, 2022.
             Slain by a cane toad (18 damage)
             ... on level 1 of the Lair of Beasts.
             The game lasted 00:12:12 (10156 turns).

Rohain the Magician (Gnoll Warper)                 Turns: 10156, Time: 00:12:13

Health: -1/79      AC: 14    Str: 10    XL:     10   Next: 26%
Magic:  21/21      EV: 14    Int: 14    God:
Gold:   516        SH:  0    Dex: 21    Spells: 14/23 levels left

rFire   . . .      SeeInvis .   a - +1 falchion (freeze)
rCold   . . .      Faith    .   (no shield)
rNeg    . . .      Spirit   .   l - +0 ring mail
rPois   .          Reflect  .   p - +1 helmet
rElec   +          Harm     .   o - +5 cloak of Evolution {rElec Str-3 Dex+9 Stlth-}
rCorr   .          Rampage  .   (no gloves)
Will    +....                   (no boots)
Stlth   ++........              (no amulet)
HPRegen 0.23/turn               s - ring of willpower
MPRegen 0.17/turn               (no ring)

@: lethally poisoned (-1 -> -10), wereblooded (expiring), hasted, very quick
A: fangs 1, strong nose, distributed training
a: no special abilities


You were on level 1 of the Lair of Beasts.
You visited 3 branches of the dungeon, and saw 10 of its levels.
You also visited: Sewer.

You collected 516 gold pieces.

Inventory:

Hand Weapons
 a - a +1 falchion of freezing (weapon)
 i - a +0 morningstar
 r - a +2 vorpal hand axe
 C - a +0 sling
 D - a +0 shortbow
 E - the +1 trident of Uprin {protect, MP+9}
   (You found it on level 6 of the Dungeon)

   It grants its wielder temporary protection when it strikes (+7 to AC).
   MP:        It affects your magic capacity (+9).
Missiles
 d - 7 boomerangs of dispersal
 y - 2 throwing nets
Armour
 b - a +0 leather armour
 l - a +0 ring mail (worn)
 o - the +5 cloak of Evolution (worn) {rElec Str-3 Dex+9 Stlth-}
   (You acquired it on level 2 of the Dungeon)

   Str:       It affects your strength (-3).
   Dex:       It affects your dexterity (+9).
   rElec:     It insulates you from electricity.
   Stlth:     It makes you less stealthy.
 p - a +1 helmet (worn)
Jewellery
 s - a ring of willpower (left hand)
Wands
 v - a wand of iceblast (10) (quivered)
 x - a wand of flame (8)
 A - a wand of mindburst (48)
 H - a wand of paralysis (9)
Scrolls
 c - a scroll of blinking
 j - a scroll of noise
 q - 2 scrolls of fog
 z - a scroll of amnesia
 F - 3 scrolls of identify
Potions
 e - a potion of might
 f - 3 potions of brilliance
 g - 2 potions of degeneration
 h - a potion of curing
 m - 2 potions of flight
 n - a potion of resistance {unknown}
 t - 2 potions of invisibility
 u - 4 potions of ambrosia {unknown}
 B - a potion of attraction {unknown}


   Skills:
 + Level 7.1 Fighting
 + Level 5.3 Short Blades
 + Level 7.1 Long Blades
 + Level 5.3 Axes
 + Level 5.3 Maces & Flails
 + Level 5.3 Polearms
 + Level 5.3 Staves
 + Level 5.3 Ranged Weapons
 + Level 6.0 Throwing
 + Level 6.0 Armour
 + Level 7.1 Dodging
 + Level 5.3 Stealth
 + Level 5.3 Shields
 + Level 5.3 Unarmed Combat
 + Level 7.4 Spellcasting
 + Level 4.3 Conjurations
 + Level 4.3 Hexes
 + Level 4.3 Summonings
 + Level 4.3 Necromancy
 + Level 7.1 Translocations
 + Level 4.3 Transmutations
 + Level 4.3 Fire Magic
 + Level 4.3 Ice Magic
 + Level 4.3 Air Magic
 + Level 4.3 Earth Magic
 + Level 4.3 Poison Magic
 + Level 5.8 Invocations
 + Level 5.3 Evocations


You had 14 spell levels left.
You knew the following spells:

 Your Spells              Type           Power      Damage    Failure   Level
a - Blink                 Tloc           50%        N/A       2%          2
b - Gell's Gravitas       Tloc           25%        N/A       4%          3
c - Static Discharge      Conj/Air       17%        N/A       8%          2
d - Wereblood             Tmut           17%        N/A       8%          2

Your spell library contained the following spells:

 Spells                   Type           Power      Damage    Failure   Level
 Lesser Beckoning         Tloc           25%        N/A       4%          3
 Teleport Other           Tloc           25%        N/A       4%          3
 Sublimation of Blood     Necr           17%        N/A       8%          2
 Manifold Assault         Tloc           25%        N/A       43%         5
 Dispel Undead            Necr           17%        3d10      45%         4
 Sticky Flame             Conj/Fire      17%        2d4       45%         4
 Summon Hydra             Summ           8%         N/A       100%        7


Dungeon Overview and Level Annotations

Branches:
Dungeon (8/15)             Temple (1/1) D:6            Lair (1/6) D:8
  Sewer (visited)

Altars:
Ashenzari
Cheibriados
Fedhas
Kikubaaqudgha
Makhleb
Nemelex Xobeh
Qazlal
Ru
Sif Muna
Uskayaw
Vehumet
Wu Jian
Xom

Shops:
D:3 ![

Annotations:
D:5 1 runed translucent door, Crazy Yiuf


Innate Abilities, Weirdness & Mutations

You have very sharp teeth.
Your uncanny sense of smell can sniff out nearby items.
Your experience applies equally to all skills.


Message History

You barely miss the blink frog. Your punch misses the blink frog.
The blink frog is almost dead.
The blink frog hits you but does no damage.
The blink frog blinks!
The bullfrog hits you but does no damage.
The blink frog blinks!
The cane toad misses you. The blink frog hits you.
* * * LOW HITPOINT WARNING * * *
The blink frog blinks!
Okay, then.
You feel yourself speed up.
The cane toad stings you but does no damage.
The blink frog blinks!
The blink frog hits you but does no damage.
You feel better. The bullfrog closely misses you. The cane toad misses you.
The blink frog misses you.
You slash the bullfrog!
The bullfrog seems to slow down.
You freeze the bullfrog.
The bullfrog is severely wounded.
You howl as the wereblood boils in your veins!
You hear an angry hiss.
The cane toad barely misses you.
You hit the bullfrog. You freeze the bullfrog.
You feel a bit better.
You kill the bullfrog!
The blink frog blinks!
The cane toad stings you.
You are poisoned.
The cane toad poisons you!
Your Throwing skill increases to level 6!
Your Armour skill increases to level 6!
You barely miss the blink frog.
You feel sick. The blink frog misses you. The blink frog hits you!
* * * LOW HITPOINT WARNING * * *
Unknown command.
Okay, then.
Okay, then.
As you read the scroll of summoning, it crumbles to dust.
Wisps of shadow whirl around you...
You howl as the wereblood boils in your veins!
Your primal bloodlust is almost over.
You feel sick. The cane toad stings you!!
You die...

# ..#...# #.
.#...# .#
P.. ....# .#
.... .>.# .#
#....#..##.#
#......†#..#
#.F...#
#.#F§.#
#..#@Fk#
##.##F.# #.
.F.# .. ..##
.. ..# .^
..# ..# ..#


You could see a cane toad (ally target), 3 blink frogs, a friendly cane toad
(summoned) and a friendly rime drake (summoned).

Vanquished Creatures
  Pikel (D:5)
  2 hornets (D:7)
  A wyvern (D:7)
  A water moccasin (Sewer)
  A warg (D:7)
  2 orc warriors (D:7)
  2 ice beasts
  A sky beast (D:7)
  2 black bears
  An ogre (D:5)
  5 centaurs
  A lemure (D:5)
  2 necrophages
  A kobold brigand (D:7)
  5 bullfrogs
  2 scorpions (D:5)
  A wight (D:7)
  A killer bee (D:7)
  2 howler monkeys
  4 orc priests
  4 hounds
  A jelly (D:6)
  2 gnoll shamans
  Ijyb (D:5)
  6 iguanas
  4 orc wizards
  14 gnolls
  5 adders
  A shadow imp (D:6)
  3 white imps
  An ufetubus (D:5)
  An adder zombie (D:2)
  2 worms
  3 dart slugs
  21 orcs
  11 bats
  A bat zombie (D:2)
  6 endoplasms
  5 giant cockroaches
  6 goblins
  6 hobgoblins
  6 jackals
  8 kobolds
  4 quokkas
  7 ball pythons
  2 ball python zombies (D:2)
  5 frilled lizards
  A giant cockroach zombie (D:2)
  A quokka skeleton (D:2)
  A quokka zombie (D:2)
  4 rats
181 creatures vanquished.

Vanquished Creatures (others)
  13 plants (D:8)
13 creatures vanquished.

Grand Total: 194 creatures vanquished

Notes
Turn   | Place    | Note
-------+----------+-------------------------------------------
     0 | D:1      | Rohain the Gnoll Warper began the quest for the Orb.
     0 | D:1      | Reached XP level 1. HP: 20/20 MP: 6/6
   200 | D:1      | Reached XP level 2. HP: 15/26 MP: 7/7
   204 | D:1      | Learned a level 2 spell: Blink
   949 | D:1      | Reached skill level 5 in Spellcasting
   949 | D:1      | Reached XP level 3. HP: 31/31 MP: 7/9
  1240 | D:2      | Reached skill level 1 in Invocations
  1351 | D:2      | Reached skill level 1 in Short Blades
  1351 | D:2      | Reached skill level 1 in Axes
  1351 | D:2      | Reached skill level 1 in Maces & Flails
  1351 | D:2      | Reached skill level 1 in Polearms
  1351 | D:2      | Reached skill level 1 in Staves
  1351 | D:2      | Reached skill level 1 in Ranged Weapons
  1351 | D:2      | Reached skill level 1 in Stealth
  1351 | D:2      | Reached skill level 1 in Shields
  1351 | D:2      | Reached skill level 1 in Unarmed Combat
  1351 | D:2      | Reached skill level 1 in Evocations
  1696 | D:2      | Reached XP level 4. HP: 34/38 MP: 11/11
  2100 | D:2      | Identified a scroll of acquirement
  2100 | D:2      | Acquired the +5 cloak of Evolution {rElec Str-3 Dex+9
                  | Stlth-}
  2304 | D:3      | Reached skill level 1 in Conjurations
  2304 | D:3      | Reached skill level 1 in Hexes
  2304 | D:3      | Reached skill level 1 in Summonings
  2304 | D:3      | Reached skill level 1 in Necromancy
  2304 | D:3      | Reached skill level 1 in Transmutations
  2304 | D:3      | Reached skill level 1 in Fire Magic
  2304 | D:3      | Reached skill level 1 in Ice Magic
  2304 | D:3      | Reached skill level 1 in Air Magic
  2304 | D:3      | Reached skill level 1 in Earth Magic
  2304 | D:3      | Reached skill level 1 in Poison Magic
  2334 | D:3      | Found Gyufakk's Antique Armour Emporium.
  2541 | D:3      | Reached XP level 5. HP: 41/43 MP: 12/12
  2796 | D:3      | Found Darytok's Distillery.
  3111 | D:4      | Found a stormy altar of Qazlal.
  3407 | D:4      | Noticed a black bear
  3430 | D:4      | Killed a black bear
  3431 | D:4      | Reached skill level 5 in Fighting
  3431 | D:4      | Reached skill level 5 in Long Blades
  3431 | D:4      | Reached skill level 5 in Dodging
  3431 | D:4      | Reached XP level 6. HP: 39/51 MP: 14/14
  3684 | D:4      | Found a shimmering blue altar of Sif Muna.
  3943 | D:5      | Entered Level 5 of the Dungeon
  3948 | D:5      | Learned a level 3 spell: Gell's Gravitas
  3962 | D:5      | Noticed Pikel
  3998 | D:5      | Killed Pikel
  3999 | D:5      | Reached XP level 7. HP: 29/56 MP: 15/15
  4185 | D:5      | Reached XP level 8. HP: 13/63 MP: 16/16
  4484 | D:5      | Found a glowing drain.
  4498 | Sewer    | Entered a sewer
  5068 | D:5      | Found a runed translucent door.
  5069 | D:5      | Noticed Crazy Yiuf
  5107 | D:5      | Noticed Ijyb
  5154 | D:5      | Killed Ijyb
  5430 | D:5      | Found an ancient bone altar of Kikubaaqudgha.
  6422 | D:6      | Reached XP level 9. HP: 67/69 MP: 18/18
  6730 | D:6      | Found a staircase to the Ecumenical Temple.
  6771 | Temple   | Entered the Ecumenical Temple
  7415 | D:6      | Learned a level 2 spell: Static Discharge
  7656 | D:6      | Reached skill level 5 in Throwing
  7656 | D:6      | Reached skill level 5 in Armour
  7691 | D:6      | Identified the +1 trident of Uprin {protect, MP+9}
  7778 | D:7      | Noticed a hornet
  7789 | D:7      | Paralysed by a hornet for 3 turns
  7793 | D:7      | Killed a hornet
  8236 | D:7      | Reached skill level 5 in Invocations
  8288 | D:7      | Noticed a hornet
  8310 | D:7      | Killed a hornet
  9156 | D:7      | Reached skill level 5 in Short Blades
  9156 | D:7      | Reached skill level 5 in Axes
  9156 | D:7      | Reached skill level 5 in Maces & Flails
  9156 | D:7      | Reached skill level 5 in Polearms
  9156 | D:7      | Reached skill level 5 in Staves
  9156 | D:7      | Reached skill level 5 in Ranged Weapons
  9156 | D:7      | Reached skill level 5 in Stealth
  9156 | D:7      | Reached skill level 5 in Shields
  9156 | D:7      | Reached skill level 5 in Unarmed Combat
  9156 | D:7      | Reached skill level 5 in Evocations
  9156 | D:7      | Reached XP level 10. HP: 77/77 MP: 20/20
  9561 | D:7      | Learned a level 2 spell: Wereblood
  9582 | D:8      | Noticed a boulder beetle
 10118 | D:8      | Found a staircase to the Lair.
 10130 | Lair:1   | Entered Level 1 of the Lair of Beasts
 10139 | Lair:1   | HP: 1/79 [blink frog (11)]
 10149 | Lair:1   | Noticed a cane toad
 10156 | Lair:1   | Slain by a cane toad

Illustrated notes

Levels and vault maps discovered:
D:1:      onia_arrival_mini_spirals, layout_loops_ring, kennysheep_crisscross
D:2:      layout_loops_corners, serial_undead, serial_undead_e, serial_undead_a,
          serial_undead_c, serial_undead_f, serial_undead_e, serial_undead_f,
          serial_undead_d, minmay_misc_feat_four_crosses,
          chequers_serial_rivers_room_b
D:3:      layout_rooms, serial_shops, nicolae_shop_advertising_works
          [nicolae_subvault_shop_adworks], nicolae_shop_behind_doors
D:4:      layout_basic, grunt_qazlal_clouds, marbit_many_paths, hex_large,
          minmay_cut_off
D:5:      layout_loops_corners, mainiacjoe_overflow_surrounded_room,
          portal_sewer_entry_d, uniq_pikel, uniq_crazy_yiuf_cottage, uniq_ijyb
D:6:      layout_basic, temple_green, grunt_decor_clamped, minmay_pentangle
D:7:      layout_basic, minmay_bent
D:8:      layout_loops_cross, mainiacjoe_overflow_paths,
          erik_lair_orcish_takeover, serial_bayou, serial_bayou_shore_b,
          serial_bayou_pond_b, serial_bayou_pond_d, serial_bayou_pond_c,
          nicolae_benzene_ring
Temple:   chequers_temple_sunken
Lair:1:   layout_long_grid, fungi_pond_lemuel, minmay_holes, uniq_nergalle,
          uniq_joseph

Skill      XL: |  1  2  3  4  5  6  7  8  9 10 |
---------------+-------------------------------+-----
Spellcasting   | 5 6 7 |  7.4
Invocations    | 1 2 3 4 5 |  5.8
Short Blades   | 1 2 3 5 |  5.3
Axes           | 1 2 3 5 |  5.3
Maces & Flails | 1 2 3 5 |  5.3
Polearms       | 1 2 3 5 |  5.3
Staves         | 1 2 3 5 |  5.3
Ranged Weapons | 1 2 3 5 |  5.3
Stealth        | 1 2 3 5 |  5.3
Shields        | 1 2 3 5 |  5.3
Unarmed Combat | 1 2 3 5 |  5.3
Evocations     | 1 2 3 5 |  5.3
Conjurations   | 1 2 3 4 |  4.3
Hexes          | 1 2 3 4 |  4.3
Summonings     | 1 2 3 4 |  4.3
Necromancy     | 1 2 3 4 |  4.3
Transmutations | 1 2 3 4 |  4.3
Fire Magic     | 1 2 3 4 |  4.3
Ice Magic      | 1 2 3 4 |  4.3
Air Magic      | 1 2 3 4 |  4.3
Earth Magic    | 1 2 3 4 |  4.3
Poison Magic   | 1 2 3 4 |  4.3
Throwing       | 3 4 5 6 |  6.0
Armour         | 3 4 5 6 |  6.0
Fighting       | 5 6 7 |  7.1
Long Blades    | 5 6 7 |  7.1
Dodging        | 5 6 7 |  7.1
Translocations | 6 7 |  7.1

Action                   |  1- 3 |  4- 6 |  7- 9 | 10-12 || total
-------------------------+-------+-------+-------+-------++-------
Melee: Falchion          |   120 |   155 |   358 |   112 ||   745
       Bite              |    11 |    12 |    58 |    14 ||    95
       Punch             |       |     2 |    11 |     2 ||    15
       Hand axe          |       |       |    11 |       ||    11
 Fire: Sling             |       |       |     3 |       ||     3
       Shortbow          |       |       |       |     5 ||     5
 Cast: Blink             |       |       |     2 |     1 ||     3
       Static Discharge  |       |       |     5 |     2 ||     7
       Wereblood         |       |       |       |     1 ||     1
Evoke: Wand              |       |       |       |     2 ||     2
  Use: Scroll            |     5 |     5 |     9 |     1 ||    20
       Potion            |       |     1 |     1 |     5 ||     7
 Stab: Paralysed         |       |       |       |     3 ||     3
Armor: Leather armour    |    28 |       |       |       ||    28
       Ring mail         |     4 |    55 |   191 |    59 ||   309
Dodge: Dodged            |    82 |   102 |   278 |   119 ||   581

Table legend: (Time is in decaauts)
 A = Elapsed time spent in this place.
 B = Non-inter-level travel time spent in this place.
 C = Inter-level travel time spent in this place.
 D = Time resting spent in this place.
 E = Time spent auto-exploring this place.
 F = Levels seen in this place.
 G = Mean time per level.
                   A        B        C        D        E       F      G
               +--------+--------+--------+--------+--------+-----+--------+
         Total |  10242 |   9977 |    265 |   1822 |   6490 |  11 |  931.1 |
       Dungeon |   9851 |   9604 |    247 |   1822 |   6204 |   8 | 1231.4 |
        Temple |    219 |    202 |     17 |      0 |    195 |   1 |  219.0 |
          Lair |     23 |     23 |      0 |      0 |      0 |   1 |   23.0 |
         Sewer |    148 |    148 |      0 |      0 |     91 |   1 |  148.0 |
               +--------+--------+--------+--------+--------+-----+--------+

Top non-repeatable levels by time:
     D:5: 2260 daAuts
     D:7: 2105 daAuts
     D:6: 1413 daAuts
     D:2: 1263 daAuts
     D:1: 1161 daAuts
     D:4: 867 daAuts
     D:3: 673 daAuts
  Temple: 219 daAuts
   Sewer: 148 daAuts
     D:8: 105 daAuts
  Lair:1: 23 daAuts
